[Event "Titled Tuesday Blitz May 16 Late 2023"]
[White "Erzhanov, Arman"]
[Black "Kostiukov, Alexandr"]
[WhiteFideId "4138821"]
[BlackFideId "14108100"]
[WhiteElo "2138"]
[BlackElo "2202"]
[Result "1-0"]
[Round "04"]
[TimeControl "180+2"]
[Date "2023.05.16"]
[WhiteClock "0:02:13"]
[BlackClock "0:00:00"]

1. e4 c5 2. Nf3 g6 3. g3 Bg7 4. Bg2 Nc6 5. O-O e5 6. c3 Nge7 7. d4 exd4 8. cxd4 cxd4 9. Bf4 d5 10. e5 Qb6 11. Nbd2 h6 12. h4 Bg4 13. Nb3 Nf5 14. Re1 O-O 15. Qd2 a5 16. Nh2 a4 17. Nc1 Bh5 18. g4 Nxh4 19. gxh5 Nxg2 20. Kxg2 g5 21. Bg3 Rae8 22. Nd3 Re6 23. Ng4 Rfe8 24. Rac1 1-0


[Site "https://www.chess.com"]

[Event "Titled Tuesday Blitz May 16 Late 2023"]
[White "Guerra Tulcan, Lenin"]
[Black "Rodriguez Polo, Mateo"]
[WhiteFideId "3601382"]
[BlackFideId "24509396"]
[WhiteElo "2368"]
[BlackElo "2117"]
[Result "1-0"]
[Round "04"]
[TimeControl "180+2"]
[Date "2023.05.16"]
[WhiteClock "0:00:51"]
[BlackClock "0:00:00"]

1. e4 e5 2. Nf3 Nc6 3. Bb5 a6 4. Ba4 Nf6 5. Qe2 b5 6. Bb3 Ke7 7. c3 Ke8 8. Ng5 d5 9. exd5 Nxd5 10. d4 Be7 11. Qf3 Be6 12. Nxe6 fxe6 13. dxe5 Nxe5 14. Qh5+ Ng6 15. O-O a5 16. a4 b4 17. Re1 Ra6 18. Nd2 Rb6 19. Nc4 Ra6 20. Ne5 Nf6 21. Qe2 Rd6 22. Nxg6 hxg6 23. Bxe6 Kf8 24. Bf4 Rb6 25. Rad1 Bd6 26. c4 Qe8 27. Bxd6+ Rxd6 28. Rxd6 cxd6 29. Qd2 1-0


[Site "https://www.chess.com"]

[Event "Titled Tuesday Blitz May 16 Late 2023"]
[White "Lazavik, Denis"]
[Black "Gasparyan, David"]
[WhiteFideId "13515110"]
[BlackFideId "13311980"]
[WhiteElo "2560"]
[BlackElo "2407"]
[Result "1-0"]
[Round "04"]
[TimeControl "180+2"]
[Date "2023.05.16"]
[WhiteClock "0:01:55"]
[BlackClock "0:00:03"]

1. d4 Nf6 2. c4 e6 3. Nf3 d5 4. g3 Be7 5. Bg2 O-O 6. O-O Nbd7 7. Nc3 c6 8. Nd2 dxc4 9. Nxc4 Nb6 10. Ne5 Nfd5 11. Ne4 Nd7 12. Nd3 N7f6 13. Nc3 a5 14. e4 Nxc3 15. bxc3 a4 16. e5 Nd5 17. Bd2 Nb6 18. Qg4 Kh8 19. h4 Nc4 20. Bf4 Ra5 21. Rad1 f5 22. exf6 Bxf6 23. Qe2 Qe8 24. Rfe1 b6 25. Nb4 b5 26. Nxc6 Ra6 27. Nb4 Ra7 28. Be5 Bxe5 29. dxe5 Raf7 30. f4 Qe7 31. Rd4 Bb7 32. Bxb7 Qxb7 33. Red1 Qa7 34. Kh2 Qb7 35. Qe4 Qxe4 36. Rxe4 Rc8 37. Red4 h6 38. Rd8+ Rf8 39. Rxf8+ Rxf8 40. Nc6 Rc8 41. Nd4 Ne3 42. Rd3 Ng4+ 43. Kg2 b4 44. cxb4 Rc4 45. a3 h5 46. Kf3 Nh6 47. Nxe6 Rc2 48. Ke4 Ng4 49. Nd4 Nf2+ 50. Kf3 Nxd3 51. Nxc2 Nb2 52. Ke4 Nc4 53. Kd4 Nb6 54. Kc5 Nc8 55. b5 Kg8 56. b6 Kf8 57. b7 1-0


[Site "https://www.chess.com"]

[Event "Titled Tuesday Blitz May 16 Late 2023"]
[White "Malicka, Maria"]
[Black "Wagner, Dennis"]
[WhiteFideId "1197576"]
[BlackFideId "24650684"]
[WhiteElo "2227"]
[BlackElo "2478"]
[Result "0-1"]
[Round "04"]
[TimeControl "180+2"]
[Date "2023.05.16"]
[WhiteClock "0:00:21"]
[BlackClock "0:00:13"]

1. e4 e5 2. Nf3 Nc6 3. Nc3 Nf6 4. Bb5 Bd6 5. O-O O-O 6. Re1 a6 7. Bf1 Re8 8. d3 h6 9. Ne2 Bf8 10. Ng3 d5 11. c3 Be6 12. h3 Qd7 13. Qe2 Rad8 14. Be3 g6 15. Qc2 Bg7 16. Rad1 Kh7 17. d4 Nxe4 18. Nxe4 dxe4 19. dxe5 Bd5 20. Bc4 exf3 21. Rxd5 Qe7 22. Rxd8 Rxd8 23. g3 Nxe5 24. Bf1 Qd7 25. Bd4 Nc6 26. Bxg7 Kxg7 27. Qe4 Qd5 28. Qf4 Qd2 29. Re3 Rd6 30. h4 Rf6 31. Qxc7 Qxb2 32. Re7 Nxe7 33. Qxe7 Qxa2 34. Qxb7 a5 35. c4 a4 36. c5 Qc2 37. Qa7 Re6 38. Qa8 Re1 39. c6 Qc1 40. Qa6 a3 41. c7 Qxc7 42. Qxa3 Qc1 43. Qa6 g5 44. hxg5 hxg5 45. Qb5 g4 46. Qa6 Rxf1+ 47. Qxf1 Qxf1+ 48. Kxf1 Kf6 49. Ke1 Ke5 50. Kd1 Kd4 51. Kd2 f6 52. Kd1 Kd3 53. Ke1 Kc2 54. Kf1 Kd1 55. Kg1 Ke1 56. Kh1 Kxf2 57. Kh2 f5 58. Kh1 f4 59. gxf4 g3 60. f5 g2+ 61. Kh2 g1=Q+ 62. Kh3 Qg3# 0-1


[Site "https://www.chess.com"]

[Event "Titled Tuesday Blitz May 16 Late 2023"]
[White "Tisaj, Domen"]
[Black "Kovalevsky, Stanislav"]
[WhiteFideId "14628708"]
[BlackFideId "13508598"]
[WhiteElo "2340"]
[BlackElo "2174"]
[Result "1-0"]
[Round "04"]
[TimeControl "180+2"]
[Date "2023.05.16"]
[WhiteClock "0:00:21"]
[BlackClock "0:00:16"]

1. e4 e6 2. d4 d5 3. exd5 exd5 4. Nf3 Nc6 5. c3 Bd6 6. h3 Nf6 7. Bd3 h6 8. O-O g5 9. Re1+ Be6 10. Bf5 Qd7 11. Qe2 Ne4 12. Bxe4 dxe4 13. Qxe4 Ne7 14. Ne5 Qa4 15. b3 Qa6 16. c4 O-O-O 17. Nc3 Bb4 18. Bd2 Nf5 19. d5 f6 20. Ng6 Rhe8 21. dxe6 Rxd2 22. Qxf5 Bxc3 23. e7+ Kb8 24. Rad1 Qxa2 25. Qe6 Qxb3 26. Rxd2 Bxd2 27. Qd7 Rxe7 28. Qd8# 1-0


[Site "https://www.chess.com"]

[Event "Titled Tuesday Blitz May 16 Late 2023"]
[White "Kuznetsov, Felix"]
[Black "Rangel, Daniel"]
[WhiteFideId "34147990"]
[BlackFideId "2124475"]
[WhiteElo "2281"]
[BlackElo "2256"]
[Result "1-0"]
[Round "04"]
[TimeControl "180+2"]
[Date "2023.05.16"]
[WhiteClock "0:00:22"]
[BlackClock "0:00:02"]

1. f4 c5 2. Nf3 g6 3. g3 Bg7 4. Bg2 Nc6 5. O-O e6 6. d3 Nge7 7. Nc3 O-O 8. e4 Rb8 9. g4 f5 10. exf5 gxf5 11. g5 b5 12. Qe1 Bb7 13. Ne2 Qc7 14. Ng3 Nd4 15. Qf2 Nd5 16. Ne5 d6 17. Nf3 Nxf3+ 18. Qxf3 Bd4+ 19. Kh1 Ne3 20. Bxe3 Bxf3 21. Rxf3 Bxb2 22. Re1 Bg7 23. Bd2 Rfe8 24. Rfe3 Bd4 25. Rxe6 Rxe6 26. Rxe6 b4 27. Bd5 Kh8 28. Nxf5 Qa5 29. Nxd6 Rf8 30. f5 Qa4 31. Bb3 Qc6+ 32. Ne4 Qc7 33. f6 a5 34. Re7 Qc6 35. Be6 Bxf6 36. gxf6 Rxf6 37. Bc4 Rg6 38. Bc1 b3 39. Bb2+ Rg7 40. Bxg7# 1-0


[Site "https://www.chess.com"]

[Event "Titled Tuesday Blitz May 16 Late 2023"]
[White "Simonian, Hrair"]
[Black "Mazurkiewicz, Michal"]
[WhiteFideId "13302337"]
[BlackFideId "1124943"]
[WhiteElo "2447"]
[BlackElo "2054"]
[Result "1/2-1/2"]
[Round "04"]
[TimeControl "180+2"]
[Date "2023.05.16"]
[WhiteClock "0:00:03"]
[BlackClock "0:00:05"]

1. e4 d6 2. d4 Nf6 3. Nc3 c6 4. Nf3 Bg4 5. Be3 e6 6. Be2 d5 7. h3 Bh5 8. e5 Nfd7 9. O-O c5 10. Nb5 Nc6 11. c4 a6 12. cxd5 axb5 13. dxc6 bxc6 14. d5 cxd5 15. Bxb5 Be7 16. Bf4 O-O 17. a4 Qc7 18. Re1 c4 19. b3 c3 20. Rc1 Rfc8 21. Qe2 Bb4 22. Qe3 Bxf3 23. Qxf3 Nc5 24. Qg4 Nxb3 25. Bh6 Bf8 26. Rc2 Qc5 27. Re3 Nd4 28. Rg3 Nf5 29. Rgxc3 Nxh6 30. Rxc5 Bxc5 31. Qe2 Nf5 32. Qd3 Bb6 33. Rxc8+ Rxc8 34. g3 Bd4 35. a5 Bxe5 36. a6 Bb8 37. Bd7 Rc7 38. Qb5 Ba7 39. Bxe6 h5 40. Qe8+ Kh7 41. Bxf7 Rc1+ 42. Kg2 Rc2 43. Bg6+ Kh6 44. Bxf5 Rxf2+ 45. Kh1 Rxf5 46. Qe6+ Rf6 47. Qd7 Rf1+ 48. Kg2 Rf2+ 49. Kh1 Rf1+ 50. Kh2 Rf2+ 51. Kh1 Rf1+ 1/2-1/2


[Site "https://www.chess.com"]

[Event "Titled Tuesday Blitz May 16 Late 2023"]
[White "Vlassov, Nikolai"]
[Black "ArchibaldCerveza29"]
[WhiteFideId "4103360"]
[WhiteElo "2324"]
[BlackElo "2384"]
[Result "1-0"]
[Round "04"]
[TimeControl "180+2"]
[Date "2023.05.16"]
[WhiteClock "0:00:14"]
[BlackClock "0:00:00"]

1. e4 e5 2. Bc4 Nf6 3. d3 Bc5 4. Nf3 d6 5. Bg5 h6 6. Bh4 Be6 7. Nc3 c6 8. Nd2 Bxc4 9. Nxc4 g5 10. Bg3 Nbd7 11. h4 g4 12. h5 a5 13. Qd2 a4 14. a3 Qe7 15. Ne3 Bxe3 16. fxe3 Rg8 17. O-O-O Rg5 18. Bh4 Rxh5 19. Ne2 Rxh4 20. Rxh4 Nxe4 21. Qe1 Nec5 22. Rxh6 O-O-O 23. Qh4 Qf8 24. Rh1 Qg7 25. Ng3 f6 26. Nf5 Qg5 27. Qxg5 fxg5 28. Nxd6+ Kc7 29. Nf7 Rf8 30. Nxg5 Rf2 31. Rg1 Nb6 32. Rh7+ Kb8 33. Kd1 Nd5 34. Re1 Rxg2 35. Re2 Rg1+ 36. Kd2 g3 37. Nf3 Rb1 38. Nxe5 Rxb2 39. Nd7+ Nxd7 40. Rxd7 Ra2 41. Rg2 Rxa3 42. Rxg3 Ra1 43. e4 Nb4 44. Rgg7 Na6 45. Rxb7+ Kc8 46. Rbf7 1-0


[Site "https://www.chess.com"]

[Event "Titled Tuesday Blitz May 16 Late 2023"]
[White "Piesik, Piotr"]
[Black "KVAIDAN"]
[WhiteFideId "1136194"]
[WhiteElo "2299"]
[BlackElo "2382"]
[Result "1-0"]
[Round "04"]
[TimeControl "180+2"]
[Date "2023.05.16"]
[WhiteClock "0:00:51"]
[BlackClock "0:00:31"]

1. Nf3 f5 2. d3 d6 3. e4 e5 4. Nc3 Nf6 5. exf5 Bxf5 6. d4 exd4 7. Nxd4 Qd7 8. Nxf5 Qxf5 9. Bd3 Qe5+ 10. Ne2 Nc6 11. O-O O-O-O 12. Bf4 Qh5 13. Ng3 Qxd1 14. Raxd1 g6 15. Rfe1 Bg7 16. c3 Rhe8 17. f3 Nd5 18. Bg5 Bf6 19. Bh6 Ne5 20. Bb5 c6 21. Bf1 Nb6 22. Ne4 Be7 23. b3 d5 24. Ng5 Bc5+ 25. Kh1 Bf2 26. Re2 Bh4 27. Rxe5 Rxe5 28. Nf7 Rh5 29. Nxd8 Rxh6 30. Nf7 Rh5 31. g4 Rg5 32. Nxg5 Bxg5 33. Kg2 Kd7 34. Kg3 Bf6 35. c4 d4 36. f4 c5 37. Bg2 Kc7 38. g5 Be7 39. Kg4 Bd6 40. h4 Nd7 41. Re1 Nf8 42. Bd5 a6 43. Re8 b5 44. f5 gxf5+ 45. Kxf5 Ng6 46. h5 Ne7+ 47. Ke6 Nxd5 48. Kxd5 d3 49. Re3 d2 50. Rd3 Bf4 51. g6 hxg6 52. hxg6 Bh6 53. Rxd2 Bxd2 54. g7 Be3 55. g8=Q Bd4 56. Qf7+ Kb6 57. b4 bxc4 58. a4 c3 59. bxc5+ Bxc5 60. Qe6+ Ka5 61. Kxc5 c2 62. Qb6+ Kxa4 63. Qb4# 1-0


[Site "https://www.chess.com"]

[Event "Titled Tuesday Blitz May 16 Late 2023"]
[White "FlemingA"]
[Black "Melikyan, Gnel"]
[BlackFideId "54109990"]
[WhiteElo "2381"]
[BlackElo "2138"]
[Result "0-1"]
[Round "04"]
[TimeControl "180+2"]
[Date "2023.05.16"]
[WhiteClock "0:00:03"]
[BlackClock "0:01:04"]

1. e4 a6 2. d4 e6 3. Nc3 c5 4. dxc5 Bxc5 5. Bd3 Nf6 6. Nf3 b5 7. e5 Ng4 8. O-O Nc6 9. Ne4 Be7 10. Bf4 h5 11. h3 Nh6 12. a4 bxa4 13. Rxa4 Nf5 14. Qe2 Qb6 15. c3 a5 16. Bg5 Bf8 17. Rfa1 Bb7 18. b4 Ra7 19. b5 Nd8 20. Nfd2 Be7 21. Bxe7 Kxe7 22. Nc4 Qxb5 23. Ncd6 Qxe5 24. f4 Qxf4 25. Rf1 Qe3+ 26. Qxe3 Nxe3 27. Rfa1 Nd5 28. Nxb7 Nxb7 29. Bb5 Rc8 0-1


[Site "https://www.chess.com"]

[Event "Titled Tuesday Blitz May 16 Late 2023"]
[White "Spata, German"]
[Black "FromTexas54"]
[WhiteFideId "113026"]
[WhiteElo "2260"]
[BlackElo "2381"]
[Result "1-0"]
[Round "04"]
[TimeControl "180+2"]
[Date "2023.05.16"]
[WhiteClock "0:00:45"]
[BlackClock "0:00:00"]

1. e4 e5 2. Nc3 Nf6 3. d4 exd4 4. Qxd4 Nc6 5. Qd3 Bb4 6. Bg5 h6 7. Bh4 Ne5 8. Qd4 Bxc3+ 9. Qxc3 Ng6 10. Bxf6 Qxf6 11. Qxf6 gxf6 12. O-O-O d6 13. Ne2 f5 14. Nc3 fxe4 15. Nxe4 O-O 16. Nf6+ Kg7 17. Nd5 c6 18. Nc7 Rb8 19. Rxd6 Bf5 20. f3 h5 21. g4 hxg4 22. fxg4 Bxg4 23. Rg1 Bf5 24. Rg5 Rbc8 25. Na6 Rce8 26. Rxf5 bxa6 27. Rxc6 Rh8 28. Rf2 Ne5 29. Rc7 Ref8 30. Rxa7 Rh6 31. Bd3 Nxd3+ 32. cxd3 1-0


[Site "https://www.chess.com"]

[Event "Titled Tuesday Blitz May 16 Late 2023"]
[White "Abduzhaparov"]
[Black "Hnydiuk, Aleksander"]
[BlackFideId "1109057"]
[WhiteElo "2378"]
[BlackElo "2374"]
[Result "1-0"]
[Round "04"]
[TimeControl "180+2"]
[Date "2023.05.16"]
[WhiteClock "0:00:13"]
[BlackClock "0:00:58"]

1. Nf3 d5 2. c4 d4 3. e3 c5 4. b4 g6 5. bxc5 Nc6 6. exd4 Bg7 7. d5 Bxa1 8. dxc6 Nf6 9. Qa4 O-O 10. Be2 Ne4 11. cxb7 Bxb7 12. c6 Bc8 13. O-O Rb8 14. Ba3 Bf5 15. d4 Bxd4 16. Nxd4 Qxd4 17. Qd1 Qa1 18. c7 Rb7 19. Bxe7 Rxc7 20. Bxf8 Rd7 21. Qb3 Kxf8 22. Nd2 Nxd2 23. Qb4+ Kg7 24. Rxa1 1-0


[Site "https://www.chess.com"]

[Event "Titled Tuesday Blitz May 16 Late 2023"]
[White "Omranalhosani21"]
[Black "Schuster, Karsten"]
[BlackFideId "4611071"]
[WhiteElo "2564"]
[BlackElo "2254"]
[Result "1-0"]
[Round "04"]
[TimeControl "180+2"]
[Date "2023.05.16"]
[WhiteClock "0:00:13"]
[BlackClock "0:00:08"]

1. e4 d5 2. exd5 Qxd5 3. Nc3 Qd6 4. d4 c6 5. g3 Nf6 6. Bf4 Qb4 7. a3 Qxb2 8. Na4 Qxa1 9. Qxa1 Bf5 10. Qb2 b5 11. Nc5 e6 12. Bg2 Nd5 13. Bxb8 Rxb8 14. c4 Ne7 15. cxb5 cxb5 16. Bb7 a6 17. Bxa6 f6 18. Ne2 Kf7 19. Bxb5 Nd5 20. a4 Bxc5 21. dxc5 Be4 22. O-O Rhc8 23. Qd4 Bf3 24. Nc3 Nxc3 25. Qxc3 Bd5 26. Rd1 Rc7 27. Rxd5 exd5 28. Qd4 Rd8 29. c6 Ke6 30. a5 Ra8 31. a6 Raa7 32. Qb6 Kd6 33. Kg2 h6 34. Kf3 Ke5 35. h4 g5 36. h5 f5 37. Ke3 f4+ 38. Kd3 fxg3 39. fxg3 Rf7 40. Kc3 Rf3+ 41. Kb4 Rff7 42. Qe3+ Kd6 43. Ka5 Rfe7 44. Qa3+ Ke5 45. Kb6 Rec7 46. Qe3+ Kd6 47. Qc5+ Ke5 48. Bc4 Ke4 49. Bxd5+ Kf5 50. Bf7+ Kg4 51. Be8 Kxg3 52. Bd7 Kf4 53. Qd6+ Ke3 54. Qxc7 Rxc7 55. Kxc7 1-0


[Site "https://www.chess.com"]

[Event "Titled Tuesday Blitz May 16 Late 2023"]
[White "Seemann, Jakub"]
[Black "Bogaudinov, Rushan"]
[WhiteFideId "21874697"]
[BlackFideId "4129288"]
[WhiteElo "2364"]
[BlackElo "1941"]
[Result "1-0"]
[Round "04"]
[TimeControl "180+2"]
[Date "2023.05.16"]
[WhiteClock "0:01:36"]
[BlackClock "0:00:00"]

1. d3 d5 2. Nf3 g6 3. g3 Bg7 4. Bg2 b6 5. O-O Bb7 6. Nbd2 Nf6 7. Qe1 O-O 8. Ne5 Nbd7 9. Nxd7 Qxd7 10. e4 dxe4 11. Nxe4 Nxe4 12. Bxe4 Bxe4 13. Qxe4 c5 14. a4 a6 15. Bg5 e6 16. c3 h6 17. Bf4 Rfe8 18. Be5 Qd5 19. Qxd5 exd5 20. Bxg7 Kxg7 21. Rfe1 h5 22. h4 Kf6 23. Kg2 Re6 24. Kf3 Rae8 25. Rxe6+ Rxe6 26. Rd1 Ke7 27. b3 Kd6 28. d4 f6 29. c4 dxc4 30. d5 Re5 31. bxc4 f5 32. Rb1 Kc7 33. Kf4 Re4+ 34. Kg5 Rxc4 35. Kxg6 Rxa4 36. Kxh5 c4 37. Kg6 c3 38. h5 c2 39. Rc1 Rc4 40. h6 Kd6 41. h7 Rc8 42. Rxc2 Rxc2 43. h8=Q Rxf2 44. Qd8+ Kc5 45. d6 Rf3 46. Qc7+ Kb5 47. d7 Rd3 48. d8=Q 1-0


[Site "https://www.chess.com"]

[Event "Titled Tuesday Blitz May 16 Late 2023"]
[White "Ramirez Vido, Robert Yorisan"]
[Black "Colbow, Collin"]
[WhiteFideId "3513823"]
[BlackFideId "16201132"]
[WhiteElo "2369"]
[BlackElo "2351"]
[Result "0-1"]
[Round "04"]
[TimeControl "180+2"]
[Date "2023.05.16"]
[WhiteClock "0:00:00"]
[BlackClock "0:00:15"]

1. f4 b5 2. Nf3 Bb7 3. g3 g6 4. Bg2 Bg7 5. d3 d5 6. O-O Nf6 7. e4 dxe4 8. dxe4 Qxd1 9. Rxd1 Bxe4 10. Nc3 Bc6 11. a4 b4 12. Nb5 Na6 13. Be3 Ng4 14. Bxa7 Bxb2 15. Ra2 Bg7 16. Bd4 Bxd4+ 17. Nbxd4 Bb7 18. Re1 e6 19. Bh3 Nf6 20. Bxe6 fxe6 21. Rxe6+ Kf7 22. Ng5+ Kg7 23. Re7+ Kh6 24. Nf7+ Kh5 25. Nxh8 Rxh8 26. Ne6 Bd5 27. Nxc7 Bxa2 28. Nxa6 Nd5 29. Rd7 Rc8 0-1


[Site "https://www.chess.com"]

[Event "Titled Tuesday Blitz May 16 Late 2023"]
[White "Aggelis, Nikolaos"]
[Black "Kaganskiy, Gleb"]
[WhiteFideId "4213220"]
[BlackFideId "4132025"]
[WhiteElo "2189"]
[BlackElo "2165"]
[Result "1/2-1/2"]
[Round "04"]
[TimeControl "180+2"]
[Date "2023.05.16"]
[WhiteClock "0:00:24"]
[BlackClock "0:00:04"]

1. f4 d5 2. e3 g6 3. d4 Bg7 4. Nf3 c5 5. c3 Nf6 6. Be2 O-O 7. O-O b6 8. Ng5 Ba6 9. b3 Bxe2 10. Qxe2 Nbd7 11. Ba3 h6 12. Nf3 Ne4 13. Bb2 Qc7 14. Nbd2 Ndf6 15. Rac1 Rac8 16. Ne5 Nxd2 17. Qxd2 Ne4 18. Qd3 Bxe5 19. fxe5 c4 20. Qc2 b5 21. Rf4 e6 22. b4 a5 23. Ba3 a4 24. Bb2 Qe7 25. Rcf1 Kg7 26. Bc1 f6 27. Rxe4 dxe4 28. Qxe4 fxe5 29. Qxe5+ Kh7 30. Rf3 Rxf3 31. gxf3 Rf8 32. Kg2 Qg5+ 33. Qxg5 hxg5 34. e4 g4 35. fxg4 Kg7 36. Be3 Kf7 37. a3 Ke8 38. h3 Rf7 39. Bf2 Kd7 40. Be3 Ke8 41. Bf2 Rf4 42. Be3 Rf7 1/2-1/2


[Site "https://www.chess.com"]

[Event "Titled Tuesday Blitz May 16 Late 2023"]
[White "Hoffmann, Asa"]
[Black "Ilkhomi, Jaloliddin"]
[WhiteFideId "2001470"]
[BlackFideId "14700948"]
[WhiteElo "2117"]
[BlackElo "2045"]
[Result "1/2-1/2"]
[Round "04"]
[TimeControl "180+2"]
[Date "2023.05.16"]
[WhiteClock "0:00:10"]
[BlackClock "0:00:36"]

1. d4 Nf6 2. Bg5 e6 3. Nd2 d5 4. e3 b6 5. Bd3 Bb7 6. f4 Nbd7 7. Ngf3 Be7 8. O-O O-O 9. Ne5 c5 10. c3 cxd4 11. exd4 Ne4 12. Bxe7 Qxe7 13. Bxe4 dxe4 14. Qe2 Nf6 15. Ng4 Nxg4 16. Qxg4 f5 17. Qe2 a5 18. Rfe1 g5 19. Qe3 h6 20. Nc4 b5 21. Ne5 gxf4 22. Qxf4 Qg5 23. g3 Rfd8 24. Rac1 Bd5 25. b3 a4 26. c4 Bb7 27. c5 Rxd4 28. c6 Qxf4 29. gxf4 Bc8 30. Red1 Rd5 31. Rxd5 exd5 32. Rc5 d4 33. Rd5 d3 34. Rd8+ Kg7 35. Kf2 axb3 36. axb3 Ra2+ 37. Ke1 Be6 38. c7 Rc2 39. Rd6 Rc1+ 40. Kd2 Rxc7 41. Rxe6 Rc2+ 42. Kd1 e3 43. Nxd3 Rd2+ 44. Kc1 Rxd3 45. Kc2 Rd2+ 46. Kc3 Rxh2 47. Rxe3 Rf2 48. Kb4 Rxf4+ 49. Kxb5 h5 50. Kc5 h4 51. b4 Rf1 52. Rb3 Rc1+ 53. Kd5 Kf6 54. b5 Rc8 55. b6 Kg5 56. b7 Rb8 57. Kc6 Kg4 58. Kc7 Rxb7+ 59. Kxb7 h3 60. Rb1 f4 61. Kc6 f3 62. Kd5 f2 63. Ke4 Kg3 64. Ke3 h2 65. Rf1 Kg2 66. Ke2 Kg3 67. Rd1 Kg2 68. Rf1 Kg3 69. Rd1 f1=Q+ 70. Rxf1 Kg2 71. Rf2+ Kg3 72. Rxh2 Kxh2 1/2-1/2


[Site "https://www.chess.com"]

[Event "Titled Tuesday Blitz May 16 Late 2023"]
[White "Carrasco Miranda, Andres"]
[Black "WindWhistler11"]
[WhiteFideId "3405990"]
[WhiteElo "2183"]
[BlackElo "2511"]
[Result "0-1"]
[Round "04"]
[TimeControl "180+2"]
[Date "2023.05.16"]
[WhiteClock "0:00:05"]
[BlackClock "0:00:13"]

1. d4 Nf6 2. c4 c5 3. d5 e6 4. Nc3 exd5 5. cxd5 Bd6 6. g3 O-O 7. Bg2 Bc7 8. Nf3 d6 9. O-O a6 10. a4 Nbd7 11. Nd2 Re8 12. Nc4 Rb8 13. Bf4 Nf8 14. a5 Ng6 15. Bd2 Bd7 16. Qb3 Ne5 17. Nxe5 Rxe5 18. e4 Re8 19. Qa3 Bb5 20. Rfe1 Bd3 21. Bf4 h6 22. Rad1 c4 23. b4 g5 24. Bc1 Ng4 25. h3 Ne5 26. f4 gxf4 27. gxf4 Ng6 28. Kh2 Kh7 29. Rg1 Rg8 30. Rxd3 cxd3 31. Nd1 Qh4 32. Qxd3 Nxf4 33. Bxf4 Qxf4+ 34. Kh1 Rg3 35. Qc2 Bd8 36. e5+ Kh8 37. Rf1 Qxe5 38. Rxf7 Rg7 39. Rf8+ Rg8 40. Rf7 Qe1+ 41. Kh2 Qg3+ 42. Kh1 Qg6 43. Be4 Qg1# 0-1


[Site "https://www.chess.com"]

[Event "Titled Tuesday Blitz May 16 Late 2023"]
[White "Sliwicki, Damian"]
[Black "Stachanczyk, Jacek"]
[WhiteFideId "1127128"]
[BlackFideId "1116657"]
[WhiteElo "2030"]
[BlackElo "2084"]
[Result "1-0"]
[Round "04"]
[TimeControl "180+2"]
[Date "2023.05.16"]
[WhiteClock "0:00:09"]
[BlackClock "0:00:40"]

1. e4 c5 2. Nf3 d6 3. d4 cxd4 4. Qxd4 Nc6 5. Bb5 Bd7 6. Bxc6 Bxc6 7. Nc3 e5 8. Qd3 h6 9. Be3 Nf6 10. O-O-O Qc7 11. Nb5 Bxb5 12. Qxb5+ Qc6 13. Qa5 Nxe4 14. Rhe1 Be7 15. Kb1 O-O 16. g4 f5 17. gxf5 Rxf5 18. Nd4 exd4 19. Qxf5 dxe3 20. Rxe3 Nd2+ 21. Kc1 Bg5 22. f4 Nc4 23. Qe6+ Kh7 24. Qe4+ Qxe4 25. Rxe4 Ne3 26. Rd3 Ng4 27. fxg5 Nf2 28. g6+ Kg8 29. Ree3 Nxd3+ 30. Rxd3 Rd8 31. Kd2 Kf8 32. Re3 Re8 33. Rf3+ Ke7 34. Rf7+ Ke6 35. Rxg7 Kf6 36. Rxb7 Kxg6 37. Rxa7 Re5 38. Rd7 d5 39. a4 Rh5 40. Kc3 Rxh2 41. Rxd5 Rh1 42. a5 Ra1 43. b4 h5 44. Rd6+ Kg5 45. a6 h4 46. Rd5+ Kg4 47. Ra5 Rf1 48. a7 Rf8 49. a8=Q Rxa8 50. Rxa8 h3 51. Rh8 1-0


[Site "https://www.chess.com"]

[Event "Titled Tuesday Blitz May 16 Late 2023"]
[White "Blitz"]
[Black "Ansh M Shah"]
[BlackFideId "25033379"]
[WhiteElo "2507"]
[BlackElo "2084"]
[Result "1-0"]
[Round "04"]
[TimeControl "180+2"]
[Date "2023.05.16"]
[WhiteClock "0:00:03"]
[BlackClock "0:00:07"]

1. d4 d5 2. Nc3 e6 3. e4 dxe4 4. Nxe4 Nd7 5. Nf3 Ngf6 6. Bd3 Nxe4 7. Bxe4 Nf6 8. Bd3 Be7 9. O-O O-O 10. Qe2 b6 11. Bf4 Bb7 12. Rad1 Re8 13. Ba6 Bxa6 14. Qxa6 Qd5 15. c4 Qf5 16. Bxc7 Rec8 17. Be5 Qc2 18. b3 Ng4 19. Bg3 Bf6 20. h3 Nh6 21. Rd2 Qe4 22. Re1 Qc6 23. Be5 Bxe5 24. Nxe5 Qc7 25. d5 exd5 26. cxd5 Rd8 27. Nc6 Rd7 28. Rc1 Qf4 29. Rcd1 Nf5 30. Qc4 Qd6 31. Qe4 g6 32. Re2 Rc8 33. Ne5 Rdc7 34. Nc4 Qf6 35. d6 Rd7 36. Qf4 Kg7 37. g4 Nh6 38. Qe3 Ng8 39. g5 Qf5 40. Qd4+ Kf8 41. Ne5 Qxg5+ 42. Kf1 Rdd8 43. d7 Rc7 44. Qd6+ Qe7 45. Qxc7 Nf6 46. Nc6 Rxd7 47. Qc8+ Kg7 48. Rxe7 Rxe7 49. Nxe7 1-0


[Site "https://www.chess.com"]

[Event "Titled Tuesday Blitz May 16 Late 2023"]
[White "Roman, Rodrigo"]
[Black "Hajiyev, Kanan"]
[WhiteFideId "3701220"]
[BlackFideId "13404148"]
[WhiteElo "1995"]
[BlackElo "2103"]
[Result "0-1"]
[Round "04"]
[TimeControl "180+2"]
[Date "2023.05.16"]
[WhiteClock "0:00:00"]
[BlackClock "0:00:22"]

1. f3 e5 2. Kf2 d5 3. e3 f5 4. d4 c5 5. dxe5 d4 6. exd4 cxd4 7. c3 Nc6 8. Ne2 Bc5 9. cxd4 Nxd4 10. Be3 Ne6 11. Qxd8+ Kxd8 12. Bxc5 Nxc5 13. Nd4 Ne7 14. Nc3 Bd7 15. Rd1 Kc7 16. b4 Ne6 17. Ncb5+ Bxb5 18. Nxe6+ Kb6 19. Bxb5 Kxb5 20. Rd7 Ng6 21. Rxb7+ Kc6 22. Rc7+ Kb6 23. Rd1 Rhe8 24. Rd6+ Kb5 25. Rb7+ Kc4 26. Rd4+ Kc3 27. Rc7+ Kb2 28. Rd2+ Ka3 29. Rc3+ Ka4 30. Nc7 Rac8 31. Rc5 Rxe5 32. Rxe5 Nxe5 33. Ne6 g6 34. Ng5 Rc7 35. Rd4 Ka3 36. Rh4 h5 37. Ne6 Rc2+ 38. Kg3 Nd3 39. Kh3 Rxa2 40. Rd4 Ne1 41. Nf4 g5 42. Nxh5 Nxg2 43. Ng3 Nf4+ 44. Rxf4 gxf4 45. Nxf5 Kxb4 46. Ne7 a5 47. Nd5+ Kc4 48. Nxf4 a4 49. Kg3 Rd2 50. h4 a3 51. h5 a2 52. h6 a1=Q 53. Ng6 Qf6 54. Kh3 Qxg6 55. f4 Rd1 56. Kh2 Rd5 0-1


[Site "https://www.chess.com"]

[Event "Titled Tuesday Blitz May 16 Late 2023"]
[White "Peatman, Carter"]
[Black "Bilan, Danila"]
[WhiteFideId "2096480"]
[BlackFideId "24161918"]
[WhiteElo "2003"]
[BlackElo "2182"]
[Result "0-1"]
[Round "04"]
[TimeControl "180+2"]
[Date "2023.05.16"]
[WhiteClock "0:00:03"]
[BlackClock "0:00:06"]

1. d4 d5 2. Bf4 Nf6 3. e3 c5 4. dxc5 e6 5. b4 a5 6. c3 axb4 7. cxb4 Nc6 8. Bb5 Bd7 9. Qb3 Be7 10. Nc3 O-O 11. Nf3 Ne4 12. Bxc6 Bxc6 13. Nxe4 dxe4 14. Nd4 Bd5 15. Qb2 b6 16. cxb6 Qxb6 17. a3 Bc4 18. f3 Bf6 19. Bg3 e5 20. Nc2 exf3 21. gxf3 Bd3 22. Bf2 e4 23. Nd4 Rfe8 24. f4 Rac8 25. Rc1 Rxc1+ 26. Qxc1 Bxd4 27. exd4 e3 28. Bxe3 Qxd4 29. Kf2 Qe4 30. Rg1 g6 31. Qc5 Bc4 32. Rd1 Qc2+ 33. Rd2 Qc1 34. Kg3 Qe1+ 35. Kf3 Be6 36. Qd4 Qh1+ 37. Kf2 Bg4 38. h4 Qf3+ 39. Kg1 Rxe3 40. Qd8+ Kg7 41. Qd4+ Kh6 42. Qf6 Re1+ 43. Kh2 Rh1# 0-1


[Site "https://www.chess.com"]

[Event "Titled Tuesday Blitz May 16 Late 2023"]
[White "Szente Varga, Fruzsina"]
[Black "Seletsky, Grigory"]
[WhiteFideId "712264"]
[BlackFideId "14112191"]
[WhiteElo "1994"]
[BlackElo "2491"]
[Result "0-1"]
[Round "04"]
[TimeControl "180+2"]
[Date "2023.05.16"]
[WhiteClock "0:00:10"]
[BlackClock "0:01:05"]

1. e4 c5 2. Nf3 e6 3. b3 a6 4. Bb2 Nc6 5. g3 d6 6. Bg2 e5 7. O-O g6 8. d3 Bg7 9. Nc3 Nge7 10. Nd2 O-O 11. f4 Nd4 12. Ne2 Bg4 13. Bxd4 cxd4 14. h3 Bd7 15. g4 exf4 16. Nxf4 Qc7 17. Rf2 Rac8 18. Nf3 b5 19. a3 Qb6 20. Qf1 h6 21. b4 Rc3 22. Ra2 Rfc8 23. Ne1 Be8 24. Ne2 R3c7 25. h4 a5 26. g5 h5 27. Nf3 Ra7 28. Rb2 axb4 29. axb4 Rca8 30. Ne1 Ra1 31. Nf4 Qc7 32. Rb3 Rd1 33. e5 Raa1 34. exd6 Qxd6 35. Re2 Bd7 36. Bf3 Nf5 37. Nfg2 Ne3 38. Nxe3 dxe3 39. Rxe3 Bd4 40. Kf2 Qh2+ 41. Bg2 Qxh4+ 42. Ke2 Rxe1+ 0-1


[Site "https://www.chess.com"]